Mech Liv
Match 43337628
End
Construct Barracks
Selects Airborne Battlegroup
Selects Pathfinders
Selects Smoke Bombing Run
Riflemen Squad
Riflemen Squad
1⁄4-ton 4x4 Truck
Air Support Center
Smoke Bombing Run
Construct Medical Station
P-47 Strafing Run
Selects Paratrooper Squad Paradrop
Paratrooper Squad Paradrop
Smoke Bombing Run
Grenade Package
Double Sortie
Grasshopper Recon Run
Construct Motor Pool
P-47 Strafing Run
M1918 Browning Automatic Rifles
Selects Supply Drop
P-47 Dive Bomb
Paratrooper Squad Paradrop
Supply Drop
P-47 Strafing Run
M24 Chaffee Light Tank
P-47 Dive Bomb
Selects Anti-tank Gun Team Paradrop
Supply Drop
P-47 Strafing Run
Grasshopper Recon Run
P-47 Dive Bomb
Anti-tank Gun Team Paradrop
P-47 Strafing Run
Construct Tank Depot
Grasshopper Recon Run
Engineer Squad
Grasshopper Recon Run
M18 Hellcat Tank Destroyer
P-47 Strafing Run
Selects Carpet Bombing Run
M18 Hellcat Tank Destroyer
Grasshopper Recon Run
P-47 Strafing Run
M4A1 Sherman Medium Tank
P-47 Dive Bomb
Grasshopper Recon Run
P-47 Strafing Run
M18 Hellcat Tank Destroyer
M18 Hellcat Tank Destroyer
P-47 Strafing Run
P-47 Dive Bomb
Air Supremacy
Improved Aircraft Armor
Anti-tank Gun Team Paradrop
P-47 Strafing Run
P-47 Strafing Run
M18 Hellcat Tank Destroyer
P-47 Strafing Run
Paratrooper Squad Paradrop
P-47 Strafing Run
M18 Hellcat Tank Destroyer
Supply Drop
P-47 Strafing Run
Grasshopper Recon Run
Smoke Bombing Run
P-47 Dive Bomb
M18 Hellcat Tank Destroyer
Advanced Air Reconnaissance
Anti-tank Gun Team Paradrop
Grasshopper High-Altitude Recon Run
M18 Hellcat Tank Destroyer
Anti-tank Gun Team Paradrop
P-47 Dive Bomb
Grasshopper High-Altitude Recon Run
Anti-tank Gun Team Paradrop
P-47 Strafing Run
Grasshopper High-Altitude Recon Run
P-47 Dive Bomb
P-47 Strafing Run
Paratrooper Squad Paradrop
Paratrooper Squad Paradrop
Grasshopper High-Altitude Recon Run
P-47 Strafing Run
P-47 Dive Bomb
Grasshopper High-Altitude Recon Run
Paratrooper Squad Paradrop
P-47 Dive Bomb
Paratrooper Squad Paradrop
Anti-tank Gun Team Paradrop
[EOG]army3945
shapur palang
SmoSkeY
ZeZwott
sorry
Liviu
0
0
Comments sign in to comment!
No comments posted yet!